 Dungeon Crawl Stone Soup version 0.21-a0-41-g5e91fef (webtiles) character file.

72 roguesci the Charmwright (level 4, 0/37 HPs)
             Began as a Draconian Skald on June 3, 2017.
             Killed from afar by Sigmund (4 damage)
             ... with a magic dart
             ... on level 3 of the Dungeon.
             The game lasted 00:04:53 (1797 turns).

roguesci the Charmwright (Draconian Skald)          Turns: 1797, Time: 00:04:53

Health: 0/37       AC:  6    Str: 11 (13) XL:     4   Next: 6%
Magic:  0/7        EV: 18    Int: 13 (14) God:
Gold:   132        SH:  0    Dex: 14 (16) Spells: 6/7 levels left

rFire    . . .     SeeInvis .   a - +0 mace
rCold    . . .     Gourm    .   (no shield)
rNeg     . . .     Faith    .   (armour unavailable)
rPois    .         Spirit   +   (helmet restricted)
rElec    .         Reflect  .   (no cloak)
rCorr    .         Harm     .   (no gloves)
MR       .....                  h - +0 pair of boots
Stlth    +++.......             f - amulet of guardian spirit
Regen    0.2/turn               (no ring)
MPRegen  0.1/turn               (no ring)

@: agile
A: unfitting armour, cold-blooded, AC +5
a: no special abilities


You were on level 3 of the Dungeon.
You were very hungry.

You visited 1 branch of the dungeon, and saw 3 of its levels.

You collected 132 gold pieces.

Inventory:

Hand Weapons
 a - a +0 mace (weapon)
Missiles
 l - 48 stones (quivered)
Armour
 h - a +0 pair of boots (worn)
Jewellery
 f - an amulet of guardian spirit (around neck)
Scrolls
 d - a scroll of remove curse {unknown}
 e - 4 scrolls of teleportation {unknown}
 k - 2 scrolls of identify {unknown}
 n - a scroll of magic mapping {unknown}
Potions
 m - a potion of ambrosia
Books
 b - a book of Battle

   Spells                             Type                      Level
   a - Infusion                       Charms                       1
   b - Shroud of Golubria             Charms/Translocation         2
   c - Song of Slaying                Charms                       2
   d - Spectral Weapon                Hexes/Charms                 3
   e - Regeneration                   Charms/Necromancy            3
Comestibles
 c - 2 bread rations
 g - a royal jelly


   Skills:
 + Level 2.7 Fighting
 + Level 2.4 Maces & Flails
 * Level 2.5 Dodging
 + Level 1.4 Stealth
 * Level 2.4 Spellcasting
 * Level 3.0 Charms


You had 6 spell levels left.
You knew the following spells:

 Your Spells              Type           Power        Failure   Level  Hunger
a - Infusion              Chrm           #...         7%          1    #......


Dungeon Overview and Level Annotations

Branches:
Dungeon (3/15)

Altars:

Annotations:
D:3 Jessica, Sigmund


Innate Abilities, Weirdness & Mutations

Your plain brown scales are hard. (AC +5)
You cannot fit into any form of body armour.
You are cold-blooded and may be slowed by cold attacks.


Message History

Something hits you.
* * * LOW HITPOINT WARNING * * *
Something hits you.
* * * LOW HITPOINT WARNING * * *
You barely miss something. Jessica gestures at you while chanting.
You hit something! Something closely misses you.
You closely miss something.
Your tail-slap misses something.
You hear some strange, mumbled words.
A puff of flame appears from out of thin air!
The puff of flame misses you.
You hit something. You tail-slap something.
You are no longer magically infusing your attacks.
You hear some strange, mumbled words.
Something tries to affect you, but you resist.
You closely miss something.
You hear some strange, mumbled words.
A magic dart appears from out of thin air!
The magic dart hits you!
You die...

#######....###.#
#<...##....# #.#
#.##.##....# #.# #
#..#.##.#### #.## .#
#.####.##.######..##.###.#
...........................
##########.#######..#.#####
........########.#.#
####....@{@........#
#.###########.### # #.# #..
##@# .. #@# .#


You could see Jessica.

Vanquished Creatures
  3 adders (D:2)
  A worm (D:2)
  2 dart slugs
  2 leopard geckos
  4 bats
  5 giant cockroaches
  5 goblins
  5 hobgoblins
  A frilled lizard (D:2)
  5 kobolds
  2 rats
35 creatures vanquished.

Notes
Turn   | Place    | Note
-------+----------+-------------------------------------------
     0 | D:1      | roguesci the Draconian Skald began the quest for the Orb.
     0 | D:1      | Reached XP level 1. HP: 17/17 MP: 3/3
   270 | D:1      | Reached XP level 2. HP: 25/25 MP: 5/5
   927 | D:2      | Reached XP level 3. HP: 23/30 MP: 1/6
  1015 | D:2      | Reached skill level 1 in Stealth
  1344 | D:2      | Reached skill level 3 in Charms
  1683 | D:2      | Reached XP level 4. HP: 33/37 MP: 2/7
  1761 | D:3      | Noticed Sigmund
  1763 | D:3      | Noticed Jessica
  1797 | D:3      | Killed from afar by Sigmund

Vault maps used:
D:1:      sevenhm_arrival_forest_fort_small_4
D:3:      first_bread, uniq_jessica, uniq_crazy_yiuf_cottage, uniq_ijyb,
          uniq_sigmund

Skill      XL: |  1  2  3 |
---------------+----------+-----
Stealth        | 1 |  1.4
Charms         | 3 |  3.0
Fighting       | |  2.7
Maces & Flails | |  2.4
Dodging        | |  2.5
Spellcasting   | |  2.4

Action                   |  1- 3 |  4- 6 || total
-------------------------+-------+-------++-------
Melee: Mace              |   124 |    16 ||   140
       Tailslap          |    12 |     2 ||    14
 Cast: Infusion          |     6 |     1 ||     7
  Use: Potion            |       |     3 ||     3
 Stab: Sleeping          |     1 |       ||     1
  Eat: Chunk             |     2 |       ||     2
Armor: Skin              |    53 |     5 ||    58
Dodge: Dodged            |   109 |    11 ||   120
